 Dungeon Crawl Stone Soup version 0.26.1-11-gd32895ea62 (webtiles) character file.

Game seed: 16003423489284522424

83 Zeld the Grasshopper (level 4, -1/29 HPs)
             Began as an Octopode Warper on May 18, 2021.
             Killed from afar by Natasha (7 damage)
             ... with a magic dart
             ... on level 2 of the Dungeon.
             The game lasted 00:01:51 (2758 turns).

Zeld the Grasshopper (Octopode Warper)              Turns: 2758, Time: 00:01:52

Health: -1/29      AC:  1    Str: 11    XL:     4   Next: 44%
Magic:  3/8        EV: 13    Int: 15    God:
Gold:   58         SH:  0    Dex: 11    Spells: 0/8 levels left

rFire    . . .     SeeInvis .   a - +0 mace
rCold    . . .     Faith    .   (no shield)
rNeg     . . .     Spirit   .   (helmet restricted)
rPois    .         Reflect  .   (no amulet)
rElec    .         Harm     .   (no ring)
rCorr    .         Rampage  .   (no ring)
Will     .....                  (no ring)
Stlth    ++........             (no ring)
HPRegen  0.09/turn              (no ring)
MPRegen  0.11/turn              (no ring)
                                (no ring)
                                (no ring)

@: slowed, very slow
A: almost no armour, stealthy swim, amphibious, 8 rings, constrict 8, camouflage
1, gelatinous body 1
a: no special abilities


You were on level 2 of the Dungeon.
You visited 1 branch of the dungeon, and saw 2 of its levels.

You collected 58 gold pieces.

Inventory:

Hand Weapons
 a - a +0 mace (weapon)
Missiles
 b - 5 boomerangs of dispersal (quivered)
Scrolls
 c - a scroll of blinking
 d - a scroll of enchant weapon {unknown}
 e - 3 scrolls of identify {unknown}
Potions
 f - a potion of attraction {unknown}
 g - a potion of heal wounds {unknown}
 h - a potion of resistance {unknown}


   Skills:
 - Level 2.0 Fighting
 * Level 3.0 Maces & Flails
 * Level 2.4 Throwing
 - Level 2.3 Dodging
 * Level 2.9 Spellcasting
 - Level 3.0 Translocations


You couldn't memorise any spells.
You knew the following spells:

 Your Spells              Type           Power        Failure   Level
a - Blink                 Tloc           N/A          9%          2
b - Gell's Gravitas       Tloc           5%           19%         3
c - Lesser Beckoning      Tloc           5%           19%         3

Your spell library contained the following spells:

 Spells                   Type           Power        Failure   Level
 Teleport Other           Tloc           11%          19%         3
 Passage of Golubria      Tloc           N/A          52%         4


Dungeon Overview and Level Annotations

Branches:
Dungeon (2/15)

Altars:
Fedhas
The Shining One

Annotations:
D:2 Natasha


Innate Abilities, Weirdness & Mutations

You cannot wear most types of armour.
You are very stealthy in the water. (Stealth+)
You are amphibious.
You can wear up to eight rings at the same time.
You can use your tentacles to constrict eight enemies at once.
Your skin changes colour to match your surroundings (Stealth+).
Your rubbery body absorbs attacks. (AC +1, EV +1)


Message History

The magic dart hits you. The crimson imp hits you. Natasha claws you.
* * * LOW HITPOINT WARNING * * *
The crimson imp hits you.
* * * LOW HITPOINT WARNING * * *
Casting: Blink (safe; 9% risk of failure)
Confirm with . or Enter, or press ? or * to list all spells.
You blink.
The crimson imp blinks!
Natasha misses you.
Casting: Blink (safe; 9% risk of failure)
Confirm with . or Enter, or press ? or * to list all spells.
You blink.
The crimson imp disappears in a puff of smoke!
Found a stone staircase leading down.
Casting: Blink (safe; 9% risk of failure)
Confirm with . or Enter, or press ? or * to list all spells.
You blink.
A bat comes into view.
The bat closely misses you. Natasha casts a spell at you.
The magic dart hits you!
You die...

.......## #.# ..
.......)# #.# # ..
###.##..# #.# . .. #.
#..# #.# #.#.
#.##..####.# #.#.
#..........## .###...
$..............
.....b.########.########
#....@..>.§h..#
#.#############


You could see Natasha and a bat.

Vanquished Creatures
  Natasha (D:2)
  An adder (D:2)
  An ooze (D:2)
  A worm (D:2)
  3 dart slugs
  A leopard gecko (D:2)
  4 giant cockroaches
  3 goblins (D:1)
  3 hobgoblins (D:1)
  3 jackals (D:1)
  A ball python (D:1)
  8 bats
  2 frilled lizards
  4 kobolds
  2 rats
38 creatures vanquished.

Vanquished Creatures (others)
  A plant (D:2)
1 creature vanquished.

Grand Total: 39 creatures vanquished

Notes
Turn   | Place    | Note
-------+----------+-------------------------------------------
     0 | D:1      | Zeld the Octopode Warper began the quest for the Orb.
     0 | D:1      | Reached XP level 1. HP: 14/14 MP: 3/3
   434 | D:1      | Reached XP level 2. HP: 11/19 MP: 5/5
   578 | D:1      | Learned a level 2 spell: Blink
  1594 | D:1      | Reached XP level 3. HP: 24/24 MP: 6/6
  1598 | D:1      | Learned a level 3 spell: Gell's Gravitas
  1719 | D:1      | Found a glowing golden altar of the Shining One.
  2148 | D:2      | Found a blossoming altar of Fedhas.
  2154 | D:2      | Noticed Natasha
  2400 | D:2      | Killed Natasha
  2401 | D:2      | Reached XP level 4. HP: 19/29 MP: 6/8
  2405 | D:2      | Learned a level 3 spell: Lesser Beckoning
  2740 | D:2      | Noticed Natasha
  2758 | D:2      | Killed from afar by Natasha

Illustrated notes

Levels and vault maps discovered:
D:1:      minmay_arrival_wavy_path, layout_loops_corners, tso_metal_star
D:2:      layout_loops_ring, fedhas_ov_isle_minmay, uniq_natasha

Skill      XL: |  1  2  3  4 |
---------------+-------------+-----
Throwing       | 2 |  2.4
Maces & Flails | 3 |  3.0
Fighting       | |  2.0
Dodging        | |  2.3
Spellcasting   | |  2.9
Translocations | |  3.0

Action                   |  1- 3 |  4- 6 || total
-------------------------+-------+-------++-------
Melee: Mace              |    71 |    17 ||    88
       Constrict         |    19 |     7 ||    26
       Tentacles         |    16 |     5 ||    21
 Cast: Blink             |     2 |     3 ||     5
 Stab: Sleeping          |     4 |     3 ||     7
Armor: Skin              |    11 |       ||    11
Dodge: Dodged            |    64 |    12 ||    76
